 Dungeon Crawl Stone Soup version 0.31.0-2-g5a2aebc5c2 (webtiles) character file.

Game seed: 16625151455688937054

536 sasquatch the Ruffian (level 7, 0/72 HPs)
             Began as a Troll Berserker on Jan 21, 2024.
             Was a Believer of Trog.
             Slain by an orc wizard
             ... wielding a +0 dagger
              (3 damage)
             ... while paralysed
             ... on level 4 of the Dungeon.
             The game lasted 00:02:30 (2782 turns).

sasquatch the Ruffian (Troll Berserker)             Turns: 2782, Time: 00:02:30

Health: 0/72       AC:  4    Str: 25 (28) XL:     7   Next: 4%
Magic:  6/6        EV:  1    Int:  0 (3)  God:    Trog [**....]
Gold:   157        SH:  0    Dex:  8 (9)  Spells: 6/6 levels left

rFire   . .          .
                       - Unarmed
rCold   . . .        (no shield)
rNeg    . . .        a - +0 animal skin
rPois   .            (helmet restricted)
rElec   .            (no cloak)
rCorr   .            (gloves unavailable)
SInv    .            (boots unavailable)
Will    .....        (no amulet)
Stlth   +            (no ring)
HPRegen 1.12/turn    (no ring)
MPRegen 0.10/turn

%: no passive effects
@: paralysed, on berserk cooldown, slowed, lost intelligence, unable to read
A: large, unfitting armour, claws 3, regeneration 1, shaggy fur 1, tough skin 1
a: Renounce Religion, Berserk, Trog's Hand


You were on level 4 of the Dungeon.
You worshipped Trog.
Trog was pleased with you.
You visited 1 branch of the dungeon, and saw 5 of its levels.

You collected 157 gold pieces.

Inventory:

Missiles
 l - 6 poisoned darts (quivered)
Armour
 a - a +0 animal skin (worn)
Wands
 o - a wand of mindburst (14)
Scrolls
 b - 2 scrolls of immolation {unknown}
 e - 2 scrolls of identify {unknown}
 f - 2 scrolls of revelation {unknown}
 h - a scroll of noise {unknown}
 i - a scroll of fear {unknown}
 j - a scroll of torment {unknown}
 m - 3 scrolls of teleportation {unknown}
 n - a scroll of blinking {unknown}
 r - a scroll of brand weapon {unknown}
Potions
 c - 4 potions of degeneration
 d - 3 potions of curing {unknown}
 g - a potion of brilliance {unknown}
 k - a potion of might {unknown}
 p - a potion of ambrosia {unknown}
 q - a potion of haste {unknown}
 s - a potion of mutation {unknown}


   Skills:
 + Level 5.0 Fighting
 - Level 2.4 Dodging
 + Level 6.0 Unarmed Combat


You had 6 spell levels left.
You didn't know any spells.
Your spell library was empty.

Dungeon Overview and Level Annotations

Branches:
Dungeon (5/15)
 Temple: D:4-7

Altars:
Cheibriados
Elyvilon
Kikubaaqudgha
Vehumet
Xom


Innate Abilities, Weirdness & Mutations

You are too large for most types of armour.
You have claws for hands.
Your natural rate of healing is unusually fast.
You are covered in fur. (AC +1)
You have tough skin. (AC +1)


Message History

There is a stone staircase leading down here.
You scratch the orc.
The orc is moderately wounded.
Something hits you.
Deactivating autopickup; reactivate with Ctrl-A.
The orc hits you with a +0 hand axe.
* * * LOW HITPOINT WARNING * * *
Something hits you.
* * * LOW HITPOINT WARNING * * *
You closely miss something.
You feel less confused. Something hits you but does no damage.
The orc hits you with a +0 hand axe.
* * * LOW HITPOINT WARNING * * *
Something hits you but does no damage. x2; The orc barely misses you.
You hear some strange, mumbled words.
A puff of flame appears from out of thin air!
The puff of flame hits you.
* * * LOW HITPOINT WARNING * * *
Unknown command.
You closely miss the orc.
The orc is moderately wounded.
You hear some strange, mumbled words.
A puff of flame appears from out of thin air!
The puff of flame hits you.
* * * LOW HITPOINT WARNING * * *
The orc hits you with a +0 hand axe.
* * * LOW HITPOINT WARNING * * *
Something hits you.
* * * LOW HITPOINT WARNING * * *
It was a potion of degeneration.
There was something very wrong with that liquid.
You feel weakened.
You feel dopey.
You have lost your intelligence.
You feel clumsy. Something hits you.
* * * LOW HITPOINT WARNING * * *
The orc hits you with a +0 hand axe.
* * * LOW HITPOINT WARNING * * *
Something hits you but does no damage. Something hits you.
You die...

+.# #..### #.# ###
#.## #.# # ##.#
#.# # ##..# #.# #
#..## #.# ###.####
#.# .......##
####### #.#
...###..####....o#
#.# .###
##........{@# #.#
.# ######...{.#
#.# .####
####......# #.#
....## #.......[.#
#.#
###..###.#########
#.# ##.##..# #.#
## #....## #.#
.###.....# #.#
....)###.### #.#


You could see an orc.

Vanquished Creatures
  2 ogres
  A scorpion (D:4)
  A jelly (D:5)
  2 orc priests
  Jessica (D:2)
  Ijyb (D:3)
  5 gnolls
  An adder (D:2)
  4 ribbon worms
  4 dart slugs
  10 orcs
  9 endoplasms
  3 giant cockroaches
  5 goblins
  6 hobgoblins
  4 jackals (D:1)
  9 kobolds
  6 quokkas
  5 ball pythons
  6 bats
  3 frilled lizards
  3 rats
91 creatures vanquished.

Notes
Turn   | Place    | Note
-------+----------+-------------------------------------------
     0 | D:1      | sasquatch the Troll Berserker began the quest for the Orb.
     0 | D:1      | Reached XP level 1. HP: 22/22 MP: 0/0
    97 | D:1      | Reached XP level 2. HP: 28/29 MP: 1/1
   527 | D:1      | Reached XP level 3. HP: 36/37 MP: 2/2
   564 | D:1      | Found a faded altar of an unknown god.
   644 | D:1      | Reached ** piety under Trog
   798 | D:2      | Reached skill level 4 in Unarmed Combat
   801 | D:2      | Reached XP level 4. HP: 15/45 MP: 3/3
  1184 | D:2      | Noticed Jessica
  1188 | D:2      | Killed Jessica
  1189 | D:2      | Reached XP level 5. HP: 52/54 MP: 4/4
  1725 | D:3      | Noticed Ijyb
  1735 | D:3      | Killed Ijyb
  1874 | D:3      | Reached skill level 5 in Unarmed Combat
  2088 | D:4      | Found an ancient bone altar of Kikubaaqudgha.
  2184 | D:4      | Noticed an ogre
  2191 | D:4      | Killed an ogre
  2192 | D:4      | Reached XP level 6. HP: 63/63 MP: 5/5
  2361 | D:4      | Found a snail-covered altar of Cheibriados.
  2361 | D:4      | Found a shimmering altar of Xom.
  2361 | D:4      | Found a white marble altar of Elyvilon.
  2503 | D:4      | Found a radiant altar of Vehumet.
  2737 | D:5      | Entered Level 5 of the Dungeon
  2764 | D:5      | Reached skill level 5 in Fighting
  2764 | D:5      | Reached skill level 6 in Unarmed Combat
  2764 | D:5      | Reached XP level 7. HP: 58/72 MP: 6/6
  2781 | D:4      | Lost intelligence.
  2781 | D:4      | HP: 3/72 [something (2)]
  2781 | D:4      | HP: 1/72 [orc/+0 hand axe (2)]
  2782 | D:4      | Slain by an orc wizard

Illustrated notes

Levels and vault maps discovered:
D:1:      lightli_arrival_farm, layout_loops_ring, serial_glass,
          glass_columns_a, glass_columns_a, glass_columns_a, glass_columns_a,
          glass_columns_a, glass_columns_a, glass_columns_a, glass_columns_c,
          glass_columns_a, glass_columns_a, glass_columns_c, glass_columns_b,
          glass_columns_a, glass_columns_b, ebering_ecumenical_altar_sacrificial
D:2:      layout_loops_ring, grunt_ministairs_2, serial_bayou_pond_a,
          serial_bayou_pond_c, uniq_jessica
D:3:      layout_basic, uniq_ijyb
D:4:      layout_rooms, gammafunk_temple_overflow_claw, kennysheep_mini,
          mainiacjoe_overflow_brackets
D:5:      layout_loops_corners, minmay_strange_pillars, uniq_prince_ribbit1,
          uniq_eustachio, uniq_duvessa, uniq_pikel

Skill      XL: |  1  2  3  4  5  6 |
---------------+-------------------+-----
Fighting       | 3 4 5 |  5.0
Unarmed Combat | 4 5 6 |  6.0
Dodging        | |  2.4

Action                     |  1- 3 |  4- 6 |  7- 9 || total
---------------------------+-------+-------+-------++-------
  Melee: Unarmed           |    78 |   122 |     4 ||   204
         Punch             |     5 |     3 |       ||     8
 Invoke: Berserk           |       |     3 |       ||     3
    Use: Potion            |       |       |     1 ||     1
   Stab: Sleeping          |     1 |       |       ||     1
 Armour: Animal skin       |    53 |    55 |    30 ||   138
  Dodge: Dodged            |    46 |    53 |     2 ||   101
